 Dungeon Crawl Stone Soup version 0.31-a0-236-g9a0961fb85 (webtiles) character file.

Game seed: 313458531897938744

73 qw the Shooter (level 4, 0/27 HPs)
             Began as a Gargoyle Hexslinger on July 10, 2023.
             Slain by a gnoll
             ... wielding a +0 halberd
              (8 damage)
             ... on level 2 of the Dungeon.
             The game lasted 00:00:26 (976 turns).

qw the Shooter (Gargoyle Hexslinger)                 Turns: 976, Time: 00:00:26

Health: 0/27       AC:  8    Str: 11    XL:     4   Next: 27%
Magic:  5/5        EV: 10    Int: 14    God:
Gold:   60         SH:  0    Dex: 14    Spells: 4/5 levels left

rFire   . . .        Y - +2 sling
rCold   . . .        (no shield)
rNeg    + . .        g - +0 ring mail
rPois   inf          (no helmet)
rElec   +            (no cloak)
rCorr   .            (no gloves)
SInv    .            (no boots)
Will    .....        (no amulet)
Stlth   +            (no ring)
HPRegen 0.24/turn    (no ring)
MPRegen 0.09/turn

%: no passive effects
@: no status effects
A: sickness immunity, AC +3, negative energy resistance 1, electricity
resistance, torment resistance 1, petrification resistance
a: no special abilities


You were on level 2 of the Dungeon.
You visited 1 branch of the dungeon, and saw 2 of its levels.

You collected 60 gold pieces.


Innate Abilities, Weirdness & Mutations

You are immune to sickness and miasma.
Your stone body is resilient. (AC +3)
You are immune to poison.
You resist negative energy. (rN+)
You are resistant to electric shocks. (rElec)
You are resistant to unholy torment.
You are immune to petrification.


   Skills:
 - Level 2.3 Fighting
 + Level 3.9 Ranged Weapons
 - Level 1.5 Dodging
 - Level 1.0 Spellcasting
 - Level 2.6 Hexes


You had 4 spell levels left.
You knew the following spells:

 Your Spells              Type           Power      Damage    Failure   Level
a - Slow                  Hex            32%        N/A       22%         1

Your spell library contained the following spells:

 Spells                   Type           Power      Damage    Failure   Level
 Inner Flame              Hex/Fire       4%         N/A       73%         3
 Portal Projectile        Hex/Tloc       8%         N/A       73%         3
 Cause Fear               Hex            4%         N/A       91%         4

Inventory:

Hand Weapons
 Y - a +2 sling (weapon)
Armour
 g - a +0 ring mail (worn)
Scrolls
 a - a scroll of identify
 b - a scroll of amnesia {unknown}
 c - a scroll of blinking {unknown}
 d - a scroll of butterflies {unknown}
Potions
 e - a potion of brilliance {unknown}
 f - a potion of ambrosia {unknown}
 h - a potion of curing {unknown}
 i - a potion of haste
 j - a potion of attraction {unknown}

Dungeon Overview and Level Annotations

Branches:
Dungeon (2/15)

Altars:


Message History

Enter note: You shoot a sling bullet.
The sling bullet barely misses the bat.
The bat barely misses you.
You shoot a sling bullet.
The sling bullet hits the bat but does no damage.
The bat hits you but does no damage. The bat barely misses you.
You shoot a sling bullet. The sling bullet hits the bat!
You kill the bat!
j - a grey potion
Enter note:
Enter note:
Enter note:
Enter note:
Found a sling.
Enter note:
Enter note:
Enter note:
Enter note:
Found a stone staircase leading down.
Enter note:
Enter note:
Enter note:
Enter note: 4 gnolls come into view.
The gnoll shouts! x2
The gnoll hits you but does no damage.
Enter note:
Enter note:
Enter note:
Enter note:
973 ||| Stepping ~*~*~tactically~*~*~ (outnumbered).
The gnoll hits you with a +0 halberd!
You shoot a sling bullet.
The sling bullet barely misses the gnoll.
The gnoll hits you with a +0 halberd!
You shoot a sling bullet. The sling bullet hits the gnoll.
The gnoll is heavily wounded.
The gnoll misses you.
The gnoll hits you from afar with a +0 halberd!
You die...

.#..........#
............# #
............# .#
..###.....####
###.
.............# #..
.............###.#
..............##.#
......).....#....#
..##############@#
..# ...gggg...#
..# ########..#
### #..> ####


You could see 4 gnolls.

Vanquished Creatures
  Jessica (D:2)
  2 adders (D:2)
  A dart slug (D:1)
  2 bats
  2 endoplasms
  A giant cockroach (D:1)
  2 hobgoblins
  3 jackals (D:2)
  A kobold (D:1)
  A quokka (D:1)
  4 ball pythons
  A frilled lizard (D:1)
  8 rats
29 creatures vanquished.

Notes
Turn   | Place    | Note
-------+----------+-------------------------------------------
     0 | D:1      | qw the Gargoyle Hexslinger began the quest for the Orb.
     0 | D:1      | Reached XP level 1. HP: 12/12 MP: 2/2
     0 | D:1      | 0 ||| qw: Version: 0.3-a-52-g30416fa
     0 | D:1      | 0 ||| qw: Game counter: 4730
     0 | D:1      | 0 ||| qw: Melee chars always use a shield: true
     0 | D:1      | 0 ||| qw: God list: Okawaru
     0 | D:1      | 0 ||| qw: Allow faded altars: false
     0 | D:1      | 0 ||| qw: Do Orc after clearing Dungeon:15 true
     0 | D:1      | 0 ||| qw: Do second Lair branch before Depths: true
     0 | D:1      | 0 ||| qw: Lair rune preference: random
     0 | D:1      | 0 ||| qw: Goals: Normal
     0 | D:1      | 0 ||| PLANNING D:1-11
    85 | D:1      | Reached XP level 2. HP: 16/16 MP: 3/3
   131 | D:1      | Reached skill level 3 in Ranged Weapons
   548 | D:1      | 548 ||| UPGRADING to +0 ring mail.
   558 | D:1      | 558 ||| DROPPING +0 robe.
   559 | D:1      | 559 ||| READING 3 scrolls labelled LIUPTE DUEQASI.
   560 | D:1      | 560 ||| READING scroll labelled SYANNE GA FOU.
   561 | D:1      | 561 ||| READING 2 scrolls of identify.
   561 | D:1      | 561 ||| IDENTIFYING sedimented coppery potion
   562 | D:1      | 562 ||| DROPPING scroll of poison.
   563 | D:1      | 563 ||| DROPPING potion of invisibility.
   685 | D:2      | Reached XP level 3. HP: 21/21 MP: 4/4
   729 | D:2      | Noticed Jessica
   748 | D:2      | HP: 5/22 [Jessica/+0 club (3)]
   749 | D:2      | HP: 1/22 [Jessica/+0 club (5)]
   750 | D:2      | Killed Jessica
   751 | D:2      | Reached XP level 4. HP: 1/27 MP: 5/5
   973 | D:2      | 973 ||| Stepping ~*~*~tactically~*~*~ (outnumbered).
   976 | D:2      | Slain by a gnoll

Levels and vault maps discovered:
D:1:      dpeg_arrival_ratfight, layout_rooms, minmay_parallelograms,
          minmay_surrounded
D:2:      layout_basic, solitary_fountain, chequers_serial_rivers_small_b,
          uniq_jessica

Skill      XL: |  1  2  3 |
---------------+----------+-----
Ranged Weapons | 3 |  3.9
Fighting       | 2 |  2.3
Dodging        | |  1.5
Spellcasting   | |  1.0
Hexes          | |  2.6

Action                     |  1- 3 |  4- 6 || total
---------------------------+-------+-------++-------
   Fire: Sling             |    72 |    28 ||   100
    Use: Scroll            |     3 |       ||     3
 Armour: Robe              |     4 |       ||     4
         Ring mail         |    28 |    18 ||    46
  Dodge: Dodged            |    41 |    17 ||    58

Table legend:
 A = Non-vault XP
 B = Vault XP
 C = Vault XP percentage of total XP
 D = Non-vault monster count
 E = Vault monster count
 F = Vault count percentage of total count
                 A         B        C        D         E       F
            +---------+---------+-------+---------+---------+-------
      Total |      55 |      50 |  47.6 |      18 |      11 |  37.9
            +---------+---------+-------+---------+---------+-------
        D:1 |      16 |      13 |  44.8 |       8 |      10 |  55.6
        D:2 |      39 |      37 |  48.7 |      10 |       1 |   9.1
            +---------+---------+-------+---------+---------+-------
